 Dungeon Crawl Stone Soup version 0.28.0-53-g5a82cb258f (webtiles) character file.

Game seed: 7409792581436142685

92 tizbic2 the Skirmisher (level 4, -8/37 HPs)
             Began as a Djinni Necromancer on July 17, 2022.
             Was a Follower of Wu Jian.
             Mangled by an iguana (9 damage)
             ... on level 4 of the Dungeon.
             The game lasted 00:10:36 (2639 turns).

tizbic2 the Skirmisher (Djinni Necromancer)         Turns: 2639, Time: 00:10:37

Health: -8/37      AC:  6    Str:  9    XL:     4   Next: 90%
Gold:   140        EV:  8    Int: 16    God:    Wu Jian [*.....] SH:  0 Dex: 14

rFire   + + .      SeeInvis .   a - +2 hand axe (vamp)
rCold   . . .      Faith    .   (no shield)
rNeg    . . .      Spirit   .   m - +0 scale mail
rPois   ∞          Reflect  .   (no helmet)
rElec   .          Harm     .   (no cloak)
rCorr   .          Rampage  .   (no gloves)
Will    .....                   (boots unavailable)
Stlth   ..........              (no amulet)
HPRegen 0.12/turn               b - ring of protection from fire
MPRegen 0.00/turn               o - ring of ice

@: flying
A: sickness immunity, fire resistance 2, cold vulnerability 1, float, innate
caster, HP casting, extra vitality 1
a: Renounce Religion


You were on level 4 of the Dungeon.
You worshipped Wu Jian.
Wu Jian was aware of your devotion.
You visited 1 branch of the dungeon, and saw 4 of its levels.

You collected 140 gold pieces.

Inventory:

Hand Weapons
 a - a +2 vampiric hand axe (weapon)
 w - a +0 hunting sling
Missiles
 e - 40 arrows
 f - 33 stones (quivered)
 h - 5 poisoned darts
Armour
 m - a +0 scale mail (worn)
Jewellery
 b - a ring of protection from fire (left hand)
 o - a ring of ice (right hand)
Wands
 d - a wand of digging (7)
Scrolls
 l - a scroll of teleportation
 n - a scroll of amnesia {unknown}
Potions
 c - 2 potions of invisibility {unknown}
 g - a potion of degeneration {unknown}
 i - a potion of flight {unknown}
 j - a potion of mutation {unknown}
 k - a potion of cancellation {unknown}


   Skills:
 * Level 3.8 Fighting
 + Level 1.1 Armour
 - Level 2.1 Dodging
 - Level 1.5 Stealth
 - Level 3.2 Spellcasting


You couldn't memorise any spells.
You knew the following spells:

 Your Spells              Type           Power      Damage    Failure   Level
a - Pain                  Necr           52%        1d6       36%         1
b - Animate Skeleton      Necr           26%        N/A       36%         1
c - Vampiric Draining     Necr           13%        2d6       75%         3
d - Animate Dead          Necr           6%         N/A       98%         4
e - Agony                 Necr           13%        N/A       100%        5
f - Summon Small Mammal   Summ           52%        N/A       36%         1
Your spell library was empty.

Dungeon Overview and Level Annotations

Branches:
Dungeon (3/15)

Altars:
Wu Jian

Shops:
D:4 *


Innate Abilities, Weirdness & Mutations

You are immune to sickness and miasma.
You are immune to poison.
Your flesh is very heat resistant. (rF++)
You are vulnerable to cold. (rC-)
You float through the air rather than walking.
You learn spells naturally, not from books.
Your magical power is your life essence.
You have superior vitality. (+4 MHP)


Message History

The iguana is heavily wounded.
The iguana barely misses you. The iguana closely misses you.
You hit the iguana.
You feel better.
The iguana is heavily wounded.
The iguana closely misses you.
You hit the iguana.
You feel better.
The iguana is heavily wounded.
You barely miss the quokka. The iguana bites you.
The quokka closely misses you.
You hit the iguana but do no damage.
The iguana is heavily wounded.
You completely miss the quokka. The quokka barely misses you.
The iguana bites you! The quokka bites you. The iguana bites you!
Your magical contamination has completely faded away.
The quokka barely misses you.
The quokka bites you but does no damage.
You hit the quokka.
The quokka is almost dead.
The quokka bites you but does no damage.
You closely miss the quokka. Your punch misses the quokka.
The quokka is almost dead.
The quokka bites you.
The quokka bites you but does no damage.
You hit the quokka but do no damage.
The quokka is almost dead.
The quokka bites you but does no damage.
You hit the quokka.
You feel better.
You kill the quokka!
The Council accepts your kill.
You barely miss the iguana.
The iguana is heavily wounded.
The iguana bites you!
* * * LOW HITPOINT WARNING * * *
There is an open door here.
You hit the iguana but do no damage.
The iguana is heavily wounded.
The iguana bites you.
* * * LOW HITPOINT WARNING * * *
The iguana bites you!
You die...

#.# ♣♣....♣♣ #..#
#.#♣♣......♣♣##.# #.#♣§.⌠..⌠.∩♣
#.# ##### #.#♣.......♣♣ #.# .....
#.##♣♣....♣♣ #.# ......
#.#####..### #.# ......#
#........#.# #.#
.......##########......#.####.###
#......'.......l@......÷.........
#.##...##########......#.########
#... #......#.# #..? #......#.#
### #... ########.. ... #... ###
### #### ######## ###.......
#.'.......


You could see an iguana.

Vanquished Creatures
  A howler monkey (D:4)
  2 adders (D:2)
  A worm (D:2)
  A dart slug (D:4)
  3 ball pythons
  4 endoplasms
  A giant cockroach (D:1)
  A goblin (D:1)
  4 hobgoblins
  2 quokkas
  2 bats (D:1)
  3 frilled lizards (D:1)
  A kobold (D:2)
  2 rats (D:1)
28 creatures vanquished.

Vanquished Creatures (collateral kills)
  An endoplasm (D:2)
1 creature vanquished.

Grand Total: 29 creatures vanquished

Notes
Turn   | Place    | Note
-------+----------+-------------------------------------------
     0 | D:1      | tizbic2 the Djinni Necromancer began the quest for the Orb.
     0 | D:1      | Reached XP level 1. HP: 15/15 MP: 0/0
   175 | D:1      | Reached skill level 1 in Fighting
   251 | D:1      | Found a faded altar of an unknown god.
   258 | D:1      | Prayed at the altar of an unknown god.
   258 | D:1      | Became a worshipper of the Wu Jian Council
   258 | D:1      | Reached * piety under Wu Jian
   400 | D:1      | Reached XP level 2. HP: 20/22 MP: 0/0
  1246 | D:2      | Reached XP level 3. HP: 23/29 MP: 0/0
  1246 | D:2      | Learned a level 1 spell: Summon Small Mammal
  2285 | D:3      | You are sucked into a shaft and drop 1 floor!
  2347 | D:4      | Reached XP level 4. HP: 28/35 MP: 0/0
  2390 | D:4      | Reached skill level 1 in Armour
  2394 | D:4      | Found Qiniuk's Fire Supplies.
  2639 | D:4      | HP: 1/37 [iguana (2)]
  2639 | D:4      | Mangled by an iguana

Illustrated notes

Levels and vault maps discovered:
D:1:      ncdulo_wetmaze, layout_basic, chequers_ecumenical_altar_simple_redux
D:2:      layout_basic
D:3:      layout_basic
D:4:      layout_basic, nicolae_shop_fire_sale [nicolae_sub_dead_trees],
          nicolae_shop_clearance

Skill      XL: |  1  2  3  4 |
---------------+-------------+-----
Fighting       | 1 2 3 |  3.8
Armour         | 1 |  1.1
Dodging        | |  2.1
Stealth        | |  1.5
Spellcasting   | |  3.2

Action                   |  1- 3 |  4- 6 || total
-------------------------+-------+-------++-------
Melee: Flail             |    14 |       ||    14
       War axe           |    29 |       ||    29
       Hand axe          |     3 |    18 ||    21
       Punch             |     1 |       ||     1
Throw: Stone             |     8 |     1 ||     9
 Cast: Pain              |    26 |     2 ||    28
       Animate Skeleton  |     4 |       ||     4
       Vampiric Draining |     4 |       ||     4
Invok: Whirlwind         |     3 |       ||     3
       Lunge             |       |     1 ||     1
  Use: Scroll            |     3 |       ||     3
Armor: Leather armour    |     8 |       ||     8
       Robe              |     1 |       ||     1
       Scale mail        |     7 |     7 ||    14
Dodge: Dodged            |    33 |     8 ||    41
